 Dungeon Crawl Stone Soup version 0.19.0-19-g8c6edcc (console) character file.

683 Gottschkopf the Thaumaturge (level 7, -1/36 HPs)
             Began as a Deep Elf Conjurer on Nov 14, 2016.
             Slain by a worker ant (5 damage)
             ... on level 5 of the Dungeon.
             The game lasted 00:09:47 (3925 turns).

Gottschkopf the Thaumaturge (Deep Elf Conjurer)     Turns: 3925, Time: 00:09:47

Health: -1/36      AC:  4    Str:  5    XL:     7   Next: 35%
Magic:  11/21      EV: 13    Int: 22    God:
Gold:   204        SH:  0    Dex: 15    Spells: 6 memorised, 5 levels left

rFire  . . .     SeeInvis .     g - +1 whip (freeze)
rCold  . . .     Gourm    .     a - +0 robe
rNeg   . . .     Faith    .     (no shield)
rPois  .         Spirit   .     (no helmet)
rElec  .         Reflect  .     (no cloak)
rCorr  .         Harm     .     j - +0 pair of gloves
MR     .....                    m - +0 pair of boots
Stlth  ++........               (no amulet)
                                (no ring)
                                (no ring)

@: lethally poisoned (-1 -> -13)
A: no striking features
a: no special abilities


You were on level 5 of the Dungeon.
You were not hungry.

You visited 1 branch of the dungeon, and saw 5 of its levels.

You collected 204 gold pieces.

Inventory:

Hand Weapons
 f - a +0 dagger
 g - a +1 whip of freezing (weapon)
Armour
 a - a +0 robe (worn)
 j - a +0 pair of gloves (worn)
 m - a +0 pair of boots (worn)
Wands
 x - a wand of slowing (19/48)
 A - a wand of digging (9/24)
Scrolls
 l - 6 scrolls of identify {unknown}
 n - a scroll of enchant weapon {unknown}
 o - a scroll of amnesia {unknown}
 p - a scroll of fog {unknown}
 q - 3 scrolls of teleportation
 r - 2 scrolls of remove curse {unknown}
 s - a scroll of blinking {unknown}
 u - a scroll of magic mapping {unknown}
 v - 3 scrolls of immolation {unknown}
 w - a scroll of random uselessness {unknown}
 y - 3 scrolls of enchant armour {unknown}
Potions
 e - 2 potions of cure mutation {unknown}
 i - a potion of agility
 k - 3 potions of curing {unknown}
 t - a potion of resistance {unknown}
 z - 2 potions of berserk rage {unknown}
Books
 b - a book of Conjurations

   Spells                             Type                      Level
   a - Magic Dart                     Conjuration                  1
   b - Searing Ray                    Conjuration                  2
   c - Dazzling Spray                 Conjuration/Hexes            3
   d - Fulminant Prism                Conjuration/Hexes            4
   e - Iskenderun's Mystic Blast      Conjuration                  4
   f - Iskenderun's Battlesphere      Conjuration/Charms           5
 D - a book of Cantrips

   Spells                             Type                      Level
   a - Confusing Touch                Hexes                        1
   b - Animate Skeleton               Necromancy                   1
   c - Summon Small Mammal            Summoning                    1
   d - Apportation                    Translocation                1
Comestibles
 c - 3 bread rations
 d - 4 fruits
 h - a royal jelly
 B - a meat ration
 C - a beef jerky
 E - 3 chunks of flesh


   Skills:
 - Level 2.4 Dodging
 - Level 2.4 Stealth
 + Level 9.3 Spellcasting
 - Level 4.3 Conjurations
 - Level 6.1 Charms


You had 5 spell levels left.
You knew the following spells:

 Your Spells              Type           Power        Failure   Level  Hunger
a - Magic Dart            Conj           ####         1%          1    None
b - Searing Ray           Conj           ####..       1%          2    None
c - Iskenderun's Mystic   Conj           ####....     12%         4    ##.....
d - Fulminant Prism       Conj/Hex       ###.......   28%         4    ##.....
e - Iskenderun's Battles  Conj/Chrm      ####....     21%         5    ####...
f - Dazzling Spray        Conj/Hex       ###...       10%         3    None


Dungeon Overview and Level Annotations

Branches:
Dungeon (5/15)
 Temple: D:4-7

Altars:
Ashenzari
Cheibriados
Dithmenos
Elyvilon


Message History

Confirm with . or Enter, or press ? or * to list all spells.
Aiming: Magic Dart
Press: ? - help, Shift-Dir - straight line, f/p - worker ant
Aim: a worker ant (almost dead)
The magic dart hits the worker ant.
The worker ant is almost dead.
* * * LOW HITPOINT WARNING * * *
You feel sick. The worker ant bites you.
* * * LOW HITPOINT WARNING * * *
The worker ant closely misses you.
Casting: Magic Dart
Confirm with . or Enter, or press ? or * to list all spells.
Aiming: Magic Dart
Press: ? - help, Shift-Dir - straight line, f/p - worker ant
Aim: a worker ant (almost dead)
The magic dart hits the worker ant.
The worker ant is almost dead.
* * * LOW HITPOINT WARNING * * *
You feel sick. The worker ant bites you.
You die...

#..## #.# #.. .(.
#####.## # #...#... ...
#...# ....##########..#.
#...####..>.............
.#+.#.⌠#..#####.@a..#
.÷.....# ...##..#####
......## #.#..## ......#
#...## .._...+ #.###
......# #.#
......#####.#
.......#....#
.#+.#.⌠#....#


You could see a worker ant.

Vanquished Creatures
  Sigmund (D:3)
  The ghost of dracos369 the Poker, an amateur MfCK of Xom (D:3)
  A water moccasin zombie (D:5)
  The ghost of AAAAA the Magician, a weakling OpWr (D:4)
  A crimson imp (D:3)
  A bullfrog skeleton (D:5)
  An orc wizard (D:3)
  An orc priest (D:3)
  Terence (D:3)
  A worker ant (D:5)
  A gnoll (D:1)
  6 adders
  A howler monkey skeleton (D:5)
  2 oozes
  An adder skeleton (D:4)
  2 worms
  3 dart slugs
  4 orcs
  4 bats (D:1)
  3 giant cockroaches
  13 goblins
  7 hobgoblins
  4 jackals (D:5)
  A quokka (D:3)
  5 ball pythons
  6 frilled lizards
  6 kobolds
  4 rats
83 creatures vanquished.

Vanquished Creatures (others)
  2 jackals (D:2)
2 creatures vanquished.

Grand Total: 85 creatures vanquished

Notes
Turn   | Place    | Note
-------+----------+-------------------------------------------
     0 | D:1      | Gottschkopf the Deep Elf Conjurer began the quest for the Orb.
     0 | D:1      | Reached XP level 1. HP: 10/10 MP: 6/6
   284 | D:1      | Reached XP level 2. HP: 15/15 MP: 5/8
   288 | D:1      | Learned a level 2 spell: Searing Ray
   323 | D:1      | Reached skill level 4 in Spellcasting
   577 | D:1      | Reached XP level 3. HP: 8/19 MP: 3/11
   579 | D:1      | Reached skill level 5 in Spellcasting
  1164 | D:2      | Found a white marble altar of Elyvilon.
  1197 | D:2      | Reached skill level 6 in Spellcasting
  1197 | D:2      | Reached XP level 4. HP: 24/24 MP: 5/14
  1203 | D:2      | Learned a level 4 spell: Iskenderun's Mystic Blast
  1208 | D:2      | Learned a level 4 spell: Fulminant Prism
  1688 | D:3      | Reached skill level 7 in Spellcasting
  1772 | D:3      | Reached XP level 5. HP: 28/28 MP: 12/16
  1783 | D:3      | Learned a level 5 spell: Iskenderun's Battlesphere
  1944 | D:3      | Noticed Sigmund
  1958 | D:3      | Killed Sigmund
  1958 | D:3      | Reached XP level 6. HP: 20/32 MP: 5/18
  2082 | D:3      | Learned a level 3 spell: Dazzling Spray
  2248 | D:3      | Found a snail-covered altar of Cheibriados.
  2269 | D:3      | Noticed dracos369's ghost (amateur MfCK)
  2295 | D:3      | Noticed Terence
  2299 | D:3      | Killed dracos369's ghost
  2638 | D:3      | Killed Terence
  2638 | D:3      | Reached skill level 8 in Spellcasting
  2809 | D:4      | Noticed AAAAA's ghost (weakling OpWr)
  2816 | D:4      | Killed AAAAA's ghost
  2816 | D:4      | Reached XP level 7. HP: 36/36 MP: 8/20
  2975 | D:4      | Found a shadowy altar of Dithmenos.
  3393 | D:5      | Entered Level 5 of the Dungeon
  3547 | D:5      | Found a shattered altar of Ashenzari.
  3552 | D:5      | Reached skill level 9 in Spellcasting
  3925 | D:5      | Slain by a worker ant

Skill      XL: |  1  2  3  4  5  6  7 |
---------------+----------------------+-----
Spellcasting   | 4 6 7 8 9 |  9.3
Charms         | 6 |  6.1
Dodging        | |  2.4
Stealth        | |  2.4
Conjurations   | |  4.3

Action                   |  1- 3 |  4- 6 |  7- 9 || total
-------------------------+-------+-------+-------++-------
 Cast: Magic Dart        |    71 |    80 |    60 ||   211
       Searing Ray       |       |     4 |     1 ||     5
       Iskenderun's Batt |       |     3 |       ||     3
       Iskenderun's Myst |       |     2 |       ||     2
  Use: Scroll            |       |     1 |       ||     1
  Eat: Chunk             |     1 |     5 |     4 ||    10
Armor: Robe              |     2 |     1 |     5 ||     8
Dodge: Dodged            |     3 |     6 |    18 ||    27
